Map: Blackpink LE

Players

Serral - Winner!

  • Race: Zerg Zerg
  • Spawn Location: 1:00

Elazer

  • Race: Zerg Zerg
  • Spawn Location: 7:00

Event: WESG 2017 Haikou

VOD

Have the link to the VOD?

Description

Time

  • Played on: March 16, 2018, 12:33 a.m.
  • Length: 12:04

All games in this series

Show
View Real Time Build Order
Export as new Build Order

Serral Zerg - Winner!

Build Orders: Hatch First 

Get SALT Encoding   

  12  0:00  Drone  
  13  0:12  Overlord  
  13  0:17  Drone  
  14  0:30  Drone x2  
  14  0:34  Drone  
  17  0:51  Hatchery  
  17  0:54  Drone  
  17  0:57  Drone  
  18  1:06  Extractor  
  17  1:12  Spawning Pool  
  17  1:15  Drone  
  17  1:18  Drone  
  18  1:27  Drone  
  19  1:40  Overlord  
  19  1:50  Drone  
  20  1:58  Queen  
  20  2:00  Zergling x2  
  23  2:02  Queen  
  23  2:03  Zergling x2  
  23  2:06  Metabolic Boost  
  26  2:11  Drone  
  26  2:13  Drone  
  28  2:22  Drone  
  29  2:24  Drone  
  30  2:35  Hatchery  
  29  2:37  Drone  
  29  2:43  Baneling Nest  
  29  2:46  Drone  
  30  2:51  Overlord  
  30  2:56  Drone  
  30  2:57  Drone  
  33  2:58  Zergling x2  
  33  3:08  Drone  
  33  3:11  Zergling x10  
  39  3:14  Zergling x2  
  39  3:15  Zergling x2  
  41  3:20  Overlord  
  41  3:22  Zergling x2  
  41  3:26  Baneling x2  
  42  3:32  Queen  
  44  3:38  Overlord  
  44  3:40  Drone x2  
  46  3:42  Baneling  
  46  3:45  Drone  
  46  3:47  Drone  
  48  3:50  Drone x2  
  48  3:54  Overlord  
  49  3:58  Drone  
  49  4:01  Overlord  
  46  4:05  Zergling x4  
  46  4:07  Drone  
  46  4:09  Baneling  
  47  4:13  Evolution Chamber, Zergling x2  
  47  4:14  Zergling x2  
  48  4:18  Zergling x4  
  48  4:20  Drone  
  48  4:22  Overlord  
  51  4:27  Overlord  
  51  4:29  Drone  
  52  4:36  Extractor  
  52  4:37  Extractor, Drone  
  51  4:39  Roach Warren  
  51  4:40  Zergling x2  
  51  4:42  Drone x2  
  53  4:50  Drone x3  
  56  4:53  Drone x2  
  56  4:56  Drone x2  
  56  4:58  Drone  
  61  5:02  Overlord x2  
  61  5:05  Baneling x2  
  61  5:07  Zergling x2  
  63  5:21  Overlord  
  60  5:23  Roach x5  
  70  5:30  Roach x3  
  70  5:32  Roach  
  70  5:35  Roach  
  80  5:36  Roach  
  80  5:41  Roach x2  
  85  5:44  Roach  
  85  5:45  Roach  
  85  5:48  Roach  
  93  5:50  Roach  
  93  5:52  Roach  
  93  5:54  Roach  
  97  5:59  Roach x2  
  97  6:01  Roach  
  99  6:09  Roach  
  99  6:10  Roach x3  
  105  6:11  Roach  
  105  6:13  Zergling x2  
  105  6:15  Baneling x3  
  105  6:18  Zergling x2  
  107  6:21  Zergling x6  
  107  6:22  Zergling x2  
  107  6:24  Zergling x2  
  112  6:32  Zergling x2  
  111  6:33  Zergling x2  
  111  6:34  Zergling x2  
  111  6:38  Zergling x10  
  112  6:45  Zergling x6  
  104  6:50  Zerg Missile Weapons Level 1  
  104  6:53  Ravager  
  98  6:54  Zergling x2  
  98  6:55  Zergling x6  
  98  6:57  Zergling x4  
  98  6:58  Ravager  
  99  7:01  Zergling x2  
  99  7:02  Zergling x8  
  99  7:05  Ravager  
  99  7:07  Ravager  
  100  7:08  Zergling x6  
  100  7:11  Zergling x2  
  89  7:15  Zergling x2  
  89  7:21  Ravager  
  85  7:24  Zergling x8  
  85  7:26  Lair  
  85  7:29  Zergling x12  
  90  7:31  Zergling x2  
  90  7:34  Zergling x4  
  89  7:37  Roach  
  89  7:38  Roach  
  91  7:47  Roach x4  
  99  7:56  Drone  
  99  7:57  Drone x3  
  99  7:58  Extractor, Roach x2  
  107  8:04  Ravager  
  107  8:09  Roach x3  
  107  8:12  Overlord x2  
  112  8:20  Roach  
  112  8:22  Roach  
  112  8:24  Glial Reconstitution  
  114  8:28  Overlord x2  
  114  8:44  Roach x6  
  114  8:46  Roach  
  114  8:48  Roach  
  127  8:49  Roach  
  127  8:53  Roach  
  131  8:57  Zerg Missile Weapons Level 2  
  131  8:59  Roach  
  131  9:02  Roach  
  135  9:05  Roach x2  
  135  9:07  Roach  
  135  9:09  Roach  
  143  9:12  Roach  
  145  9:20  Roach  
  145  9:22  Roach  
  144  9:26  Roach  
  144  9:30  Unknown  
  140  9:32  Roach x3  
  140  9:34  Overlord x3  
  140  9:40  Roach x2  
  144  9:47  Ravager  
  144  9:48  Ravager  
  144  9:52  Overlord x2  
  145  9:55  Roach  
  145  9:59  Roach  
  157  10:00  Roach x5  
  157  10:04  Roach x2  
  157  10:06  Ravager  
  162  10:07  Overseer  
  162  10:12  Roach x2  
  161  10:22  Roach x6  
  161  10:26  Roach  
  157  10:32  Roach x3  
  144  10:39  Roach x3  
  152  10:43  Roach x2  
  154  10:50  Roach x3  
  154  10:55  Roach x2  
  164  11:03  Roach x4  
  172  11:10  Roach x3  
  176  11:13  Unknown x2  
  174  11:23  Roach x6  
  164  11:28  Roach x2  
  152  11:37  Roach x4  
Show
View Real Time Build Order
Export as new Build Order

Elazer Zerg 

Build Orders: Hatch First, Zergling Baneling 

Get SALT Encoding   

  12  0:00  Drone  
  13  0:12  Overlord  
  13  0:17  Drone  
  14  0:30  Drone x2  
  16  0:47  Hatchery  
  15  0:51  Drone  
  15  0:54  Drone  
  17  0:57  Drone  
  18  1:08  Extractor  
  17  1:12  Spawning Pool  
  17  1:15  Drone  
  17  1:18  Drone  
  18  1:28  Drone  
  19  1:38  Drone  
  20  1:49  Overlord  
  20  1:59  Zergling x2, Queen x2  
  20  2:00  Drone  
  26  2:07  Metabolic Boost  
  26  2:10  Drone x2  
  28  2:21  Drone x2  
  30  2:33  Hatchery  
  29  2:38  Zergling x2  
  29  2:39  Zergling x2  
  31  2:48  Baneling Nest  
  31  2:49  Overlord  
  31  2:51  Drone  
  31  2:56  Drone  
  31  2:57  Drone  
  33  3:06  Drone  
  33  3:08  Drone x3  
  33  3:10  Drone  
  38  3:14  Queen  
  38  3:19  Overlord  
  40  3:23  Zergling x2  
  41  3:27  Zergling x2  
  41  3:29  Zergling x2  
  43  3:34  Baneling  
  43  3:35  Baneling  
  43  3:36  Zergling x2  
  43  3:38  Zergling x6  
  43  3:40  Baneling x2  
  47  3:41  Baneling x2  
  47  3:43  Zergling x4  
  49  3:50  Zergling x6  
  48  4:04  Overlord  
  48  4:07  Overlord  
  48  4:08  Drone x4  
  51  4:12  Queen  
  51  4:14  Drone  
  54  4:17  Evolution Chamber  
  54  4:18  Overlord  
  53  4:25  Overlord  
  53  4:26  Drone  
  53  4:29  Baneling x3  
  53  4:31  Overlord  
  53  4:35  Drone x2  
  55  4:38  Extractor  
  55  4:40  Drone  
  55  4:43  Drone  
  56  4:46  Baneling  
  56  4:47  Overlord  
  56  4:48  Drone x2  
  57  4:53  Overlord  
  57  4:55  Drone x2  
  57  4:56  Extractor  
  57  4:57  Zerg Missile Weapons Level 1  
  58  5:00  Overlord  
  58  5:01  Drone  
  58  5:04  Drone  
  59  5:11  Overlord  
  58  5:16  Zergling x8  
  58  5:20  Overlord  
  62  5:25  Roach Warren  
  62  5:28  Drone x2  
  63  5:29  Drone  
  63  5:30  Drone  
  63  5:33  Drone  
  63  5:34  Drone  
  67  5:37  Overlord  
  67  5:38  Drone  
  67  5:42  Drone  
  68  5:45  Overlord  
  68  5:47  Overlord  
  68  5:48  Drone  
  68  5:49  Drone  
  70  5:55  Overlord  
  69  6:09  Roach x9  
  84  6:14  Roach x3  
  84  6:15  Roach  
  92  6:20  Roach  
  92  6:22  Roach  
  92  6:23  Roach x2  
  92  6:25  Roach x2  
  104  6:38  Roach  
  97  6:41  Roach  
  97  6:42  Queen x2  
  97  6:46  Roach  
  97  6:47  Roach x2  
  105  6:54  Overlord  
  105  6:55  Roach x4  
  105  7:02  Roach x4  
  107  7:10  Roach  
  107  7:11  Roach  
  107  7:14  Roach  
  87  7:25  Roach x2  
  87  7:29  Roach x2  
  91  7:36  Roach x4  
  96  7:43  Lair, Overlord  
  92  7:46  Drone x2  
  92  7:49  Extractor  
  93  7:52  Roach, Overlord  
  93  7:53  Roach x3  
  101  8:02  Roach x4  
  101  8:05  Overlord  
  109  8:09  Roach  
  111  8:19  Extractor  
  108  8:20  Roach x3  
  108  8:25  Overlord  
  114  8:28  Drone  
  114  8:29  Drone x3  
  114  8:33  Zerg Ground Armor Level 1, Overlord  
  114  8:34  Evolution Chamber  
  117  8:36  Drone x2  
  117  8:38  Overlord  
  117  8:40  Glial Reconstitution  
  119  8:48  Hatchery  
  119  8:49  Overseer  
  119  8:50  Roach x2  
  122  8:59  Roach  
  122  9:00  Roach x5  
  136  9:10  Roach x5  
  136  9:15  Overlord  
  137  9:26  Zerg Missile Weapons Level 2  
  137  9:28  Roach x4  
  131  9:33  Drone x8  
  131  9:35  Drone x4  
  142  9:38  Roach  
  142  9:39  Roach  
  145  9:49  Roach x3  
  151  9:53  Roach  
  151  9:54  Roach x2  
  151  9:57  Roach  
  159  10:07  Drone x3  
  162  10:08  Queen x2  
  162  10:12  Overlord  
  160  10:24  Roach x3  
  160  10:25  Roach x3  
  142  10:33  Roach x4  
  122  10:37  Roach x2  
  122  10:40  Roach x2  
  124  10:43  Roach  
  124  10:48  Roach x3  
  132  10:55  Roach x3  
  132  10:57  Ravager  
  132  10:59  Roach  
  132  11:00  Roach  
  132  11:02  Roach  
  139  11:07  Roach x3  
  143  11:21  Roach x2  
  143  11:22  Roach x4  
  143  11:24  Roach  
  143  11:25  Roach  
  131  11:30  Roach x2  
  119  11:35  Roach  
  119  11:36  Roach x2  
  119  11:37  Roach  
  117  11:41  Roach  
  117  11:42  Roach  
Tags
 
Add a new tag
Caveats
  • Supply blocks, unpowered buildings, or Contaminate may cause inaccurate times.
  • Supply counts are checked every 10 seconds.